 Dungeon Crawl Stone Soup version 0.19.5 (webtiles) character file.

98 Leszczynek the Cudgeler (level 4, -1/42 HPs)
             Began as an Ogre Summoner on May 6, 2017.
             Slain by an orc wizard
             ... wielding a +0 dagger
              (4 damage)
             ... on level 3 of the Dungeon.
             The game lasted 00:12:58 (2028 turns).

Leszczynek the Cudgeler (Ogre Summoner)             Turns: 2028, Time: 00:12:59

Health: -1/42      AC:  3    Str: 18    XL:     4   Next: 69%
Magic:  5/7        EV: 10    Int: 14    God:
Gold:   174        SH:  0    Dex: 11    Spells: 2 memorised, 4 levels left

rFire  . . .     SeeInvis .     a - +0 whip
rCold  . . .     Gourm    .     x - +0 robe
rNeg   . . .     Faith    .     (no shield)
rPois  +         Spirit   .     (helmet restricted)
rElec  .         Reflect  .     (no cloak)
rCorr  .         Harm     .     (gloves unavailable)
MR     .....                    (boots unavailable)
Stlth  ++........               (no amulet)
                                w - ring of stealth
                                q - ring of poison resistance

@: confused, mighty
A: unfitting armour, tough skin 1
a: no special abilities


You were on level 3 of the Dungeon.
You were hungry.

You visited 1 branch of the dungeon, and saw 4 of its levels.

You collected 174 gold pieces.

Inventory:

Hand Weapons
 a - a +0 whip (weapon)
 c - a +0 blowgun
 v - a +0 flail
Missiles
 t - 9 tomahawks (quivered)
Armour
 x - a +0 robe (worn)
Jewellery
 q - a ring of poison resistance (left hand)
 u - a +1 ring of evasion
 w - a ring of stealth (right hand)
Scrolls
 f - a scroll of fog {unknown}
 g - a scroll of immolation {unknown}
 i - a scroll of magic mapping {unknown}
 j - 2 scrolls of teleportation {unknown}
 m - a scroll of remove curse {unknown}
 n - a scroll of random uselessness {unknown}
 p - a scroll of fear {unknown}
Potions
 h - a potion of might
 k - a potion of agility
 l - a potion of ambrosia {unknown}
 o - a potion of degeneration {unknown}
 s - a potion of mutation {unknown}
Books
 b - a book of Callings

   Spells                             Type                      Level
   a - Summon Small Mammal            Summoning                    1
   b - Call Imp                       Summoning                    2
   c - Call Canine Familiar           Summoning                    3
   d - Summon Guardian Golem          Hexes/Summoning              3
   e - Summon Lightning Spire         Summoning/Air                4
   f - Summon Ice Beast               Ice/Summoning                4
Comestibles
 d - 2 bread rations
 r - 5 chunks of flesh
 z - a meat ration


   Skills:
 - Level 2.2 Fighting
 + Level 4.8 Maces & Flails
 - Level 1.7 Dodging
 - Level 1.4 Stealth
 - Level 2.4 Spellcasting
 - Level 2.9 Summonings


You had 4 spell levels left.
You knew the following spells:

 Your Spells              Type           Power        Failure   Level  Hunger
a - Summon Small Mammal   Summ           ##..         10%         1    #......
b - Call Imp              Summ           ##......     12%         2    ###....


Dungeon Overview and Level Annotations

Branches:
Dungeon (4/15)
 Temple: D:4-7

Altars:
Uskayaw

Annotations:
D:4 Edmund


Innate Abilities, Weirdness & Mutations

You are too large for most types of armour.
You have tough skin. (AC +1)


Message History

You barely miss something. Something hits you.
* * * LOW HITPOINT WARNING * * *
You miss something.
You hear some strange, mumbled words.
A puff of flame appears from out of thin air!
The puff of flame hits you!
* * * LOW HITPOINT WARNING * * *
You feel better. Something hits you.
* * * LOW HITPOINT WARNING * * *
You aren't carrying any items that you can evoke.
It was a potion of might.
You feel very mighty all of a sudden. Something hits you but does no damage.
You hit something.
You hear some strange, mumbled words.
You are confused.
You completely miss something. Something hits you.
* * * LOW HITPOINT WARNING * * *
You bump into the rock wall.
Something hits you.
You die...

### ###############.######
#......%.{...#)#.....#
#.##########{.)....#.########
####@#####.#.#....... ##..>.#
#.....#.#### ###.....#
#..>#.._.... #.......#
#...###.###.
#.#.....#####.....<.....
#.##.#...(.....####.###.
#.##.#..#.##..##..# #.#
#.##.#.##.##(.##.......#
#.##.#.##.##<.###.######


There were no monsters in sight!

Vanquished Creatures
  2 adders (D:2)
  A dart slug (D:3)
  2 orcs
  2 giant cockroaches
  A hobgoblin (D:1)
  2 jackals (D:3)
  A quokka (D:3)
  7 bats
  A frilled lizard (D:3)
  5 kobolds
  6 rats
30 creatures vanquished.

Vanquished Creatures (collateral kills)
  2 orc wizards (D:3)
  An adder (D:3)
  An adder skeleton (D:4)
  A dart slug (D:2)
  4 orcs (D:3)
  2 giant cockroaches (D:2)
  A goblin (D:1)
  3 hobgoblins
  2 jackals (D:3)
  A kobold (D:1)
  A bat (D:1)
19 creatures vanquished.

Grand Total: 49 creatures vanquished

Notes
Turn   | Place    | Note
-------+----------+-------------------------------------------
     0 | D:1      | Leszczynek the Ogre Summoner began the quest for the Orb.
     0 | D:1      | Reached XP level 1. HP: 16/16 MP: 3/3
   142 | D:1      | Reached skill level 1 in Fighting
   336 | D:1      | Reached skill level 2 in Fighting
   410 | D:1      | Reached XP level 2. HP: 25/28 MP: 5/5
   542 | D:1      | Learned a level 2 spell: Call Imp
   747 | D:2      | Reached skill level 1 in Maces & Flails
   957 | D:2      | Reached skill level 2 in Maces & Flails
   995 | D:2      | Reached XP level 3. HP: 16/35 MP: 0/6
  1264 | D:3      | Reached skill level 3 in Maces & Flails
  1511 | D:3      | Found a hide-covered altar of Uskayaw.
  1607 | D:3      | HP: 7/35 [orc (2)]
  1772 | D:3      | Reached XP level 4. HP: 32/42 MP: 7/7
  1838 | D:4      | Noticed an ogre
  1880 | D:4      | Reached skill level 4 in Maces & Flails
  1900 | D:4      | Noticed Edmund
  1903 | D:4      | sure
  2022 | D:3      | HP: 6/42 [something (5)]
  2023 | D:3      | HP: 1/42 [something/puff of flame (6)]
  2028 | D:3      | Slain by an orc wizard

Skill      XL: |  1  2  3  4 |
---------------+-------------+-----
Fighting       | 2 |  2.2
Maces & Flails | 2 3 4 |  4.8
Dodging        | |  1.7
Stealth        | |  1.4
Spellcasting   | |  2.4
Summonings     | |  2.9

Action                   |  1- 3 |  4- 6 || total
-------------------------+-------+-------++-------
Melee: Unarmed           |    24 |       ||    24
       Dagger            |   127 |       ||   127
       Spear             |    29 |       ||    29
       Whip              |     7 |    37 ||    44
Throw: Stone             |    10 |       ||    10
 Cast: Summon Small Mamm |    17 |       ||    17
       Call Imp          |    11 |     7 ||    18
  Use: Potion            |       |     4 ||     4
 Stab: Sleeping          |     3 |     1 ||     4
  Eat: Chunk             |     4 |     1 ||     5
Armor: Robe              |    81 |     4 ||    85
Dodge: Dodged            |   118 |     9 ||   127
